Map: Ulrena

Players

capac - Winner!

  • Race: Terran Terran
  • League: Gold

A.I. 1 (Harder)

  • Race: Protoss Protoss

VOD

Have the link to the VOD?

Description

Time

  • Played on: Feb. 20, 2016, 3:41 p.m.
  • Length: 10:58
Show
View Real Time Build Order
Export as new Build Order

capac Terran - Winner!

Build Orders: MMM Bio 

Get SALT Encoding   

  12  0:01  SCV  
  13  0:13  SCV  
  14  0:18  Supply Depot  
  14  0:25  SCV  
  15  0:40  SCV  
  16  0:43  Barracks  
  16  0:47  Refinery  
  16  0:54  SCV  
  17  1:06  SCV  
  18  1:18  SCV  
  19  1:30  SCV  
  19  1:31  Barracks Reactor  
  20  1:37  Command Center  
  21  1:47  Orbital Command  
  20  1:58  Supply Depot  
  20  2:10  Marine x2  
  22  2:16  SCV  
  23  2:26  Factory  
  23  2:28  Marine x2  
  25  2:32  SCV  
  27  2:44  Barracks, SCV  
  27  2:52  Bunker  
  27  2:56  SCV  
  27  2:57  Orbital Command  
  28  3:01  Marine  
  28  3:02  Marine  
  30  3:10  Refinery  
  30  3:12  SCV  
  31  3:19  Starport  
  31  3:23  Factory Reactor  
  31  3:26  SCV x2  
  33  3:33  Marine x2  
  35  3:36  Barracks Tech Lab  
  35  3:39  SCV x2  
  37  3:45  Supply Depot  
  37  3:51  SCV x2  
  39  4:03  SCV x2  
  39  4:06  Marine x2  
  39  4:07  Marine  
  39  4:09  Medivac x2  
  48  4:15  SCV x2  
  50  4:27  Factory Tech Lab, Marine, SCV x2  
  50  4:28  Marine  
  54  4:34  Marine  
  54  4:35  Supply Depot  
  55  4:44  Liberator  
  55  4:50  Marine x2  
  55  4:52  Marine  
  58  4:58  Supply Depot  
  58  4:59  Siege Tank  
  61  5:00  Command Center  
  64  5:14  Marine, SCV x2  
  64  5:15  Marine x2  
  64  5:20  Supply Depot  
  69  5:27  Engineering Bay  
  69  5:29  Engineering Bay  
  69  5:32  Stimpack  
  66  5:47  Marine x2, Siege Tank  
  66  5:48  Marine  
  70  5:53  Refinery  
  70  5:54  Refinery, SCV x2  
  72  5:58  Supply Depot  
  69  6:35  Marine x2  
  69  6:36  Marine  
  69  6:37  Siege Tank  
  75  6:49  Terran Infantry Weapons Level 1  
  75  6:50  Supply Depot, Terran Infantry Armor Level 1, Armory  
  75  6:53  Marine  
  76  6:59  Marine x2  
  78  7:03  Liberator  
  78  7:08  Barracks  
  78  7:09  Barracks  
  78  7:10  Barracks  
  78  7:14  Marine  
  79  7:16  Marine  
  79  7:17  Marine  
  79  7:18  Siege Tank  
  79  7:22  Supply Depot  
  87  7:32  Marine  
  87  7:34  Marine x2  
  87  7:36  Combat Shields  
  90  7:38  SCV  
  90  7:41  Orbital Command  
  91  7:58  Barracks Reactor  
  91  7:59  Barracks Reactor x2  
  91  8:03  SCV x2  
  93  8:13  SCV  
  93  8:15  SCV x2  
  93  8:16  Supply Depot  
  93  8:19  Starport  
  96  8:22  Refinery  
  96  8:25  SCV  
  97  8:27  SCV  
  92  8:56  Marine  
  92  8:57  Marine  
  92  8:58  Marine  
  92  9:00  Marine x5  
  92  9:01  Marine  
  101  9:03  Siege Tank  
  102  9:10  Medivac x2  
  102  9:14  Marine  
  102  9:15  Marine x2  
  99  9:51  Marine x4  
  99  9:52  Marine  
  103  10:02  Marine x2  
  103  10:03  Marine x2  
  103  10:05  Siege Tank  
  103  10:06  Medivac x2  
  114  10:12  Marine x3  
  114  10:13  Marine  
Show
View Real Time Build Order
Export as new Build Order

A.I. 1 (Harder) Protoss 

Build Orders:  

Get SALT Encoding   

  12  0:01  Probe (Chrono Boost)  
  13  0:11  Probe (Chrono Boost)  
  14  0:20  Pylon  
  14  0:22  Probe (Chrono Boost)  
  15  0:38  Probe (Chrono Boost)  
  16  0:46  Assimilator  
  16  0:49  Probe (Chrono Boost)  
  17  0:50  Gateway  
  17  0:59  Probe (Chrono Boost)  
  17  1:02  Pylon  
  18  1:10  Probe (Chrono Boost)  
  19  1:22  Probe (Chrono Boost)  
  20  1:37  Zealot  
  20  1:41  Cybernetics Core  
  20  1:43  Gateway  
  22  1:47  Assimilator  
  22  2:03  Pylon  
  22  2:16  Stalker  
  22  2:20  Warp Gate  
  24  2:29  Zealot  
  26  2:45  Stalker  
  28  2:53  Pylon  
  28  2:55  Stalker  
  30  3:13  Adept  
  32  3:23  Stalker  
  34  3:31  Pylon  
  34  3:39  Stalker  
  37  3:41  Probe (Chrono Boost)  
  37  3:52  Adept  
  37  3:53  Probe (Chrono Boost)  
  40  4:02  Forge  
  40  4:04  Probe (Chrono Boost)  
  40  4:07  Zealot  
  43  4:16  Probe (Chrono Boost)  
  44  4:18  Stalker  
  46  4:25  Pylon  
  46  4:28  Probe (Chrono Boost)  
  47  4:40  Probe (Chrono Boost)  
  47  4:42  Stalker  
  50  5:39  Probe (Chrono Boost)  
  48  5:48  Protoss Ground Weapons Level 1  
  49  5:50  Probe (Chrono Boost), Sentry  
  49  5:53  Gateway  
  49  5:56  Robotics Facility  
  51  5:57  Stalker  
  51  6:00  Twilight Council, Nexus  
  51  6:02  Pylon  
  51  6:03  Probe (Chrono Boost)  
  54  6:12  Stalker  
  54  6:20  Sentry  
  48  6:31  Blink  
  40  6:34  Zealot  
  42  6:41  Zealot  
  42  6:44  Observer  
  45  6:49  Zealot  
  47  6:56  Stalker  
  49  7:03  Stalker  
  51  7:10  Stalker  
  54  7:15  Probe (Chrono Boost)  
  54  7:18  Probe (Chrono Boost), Stalker  
  57  7:27  Probe (Chrono Boost)  
  59  7:30  Probe (Chrono Boost)  
  59  7:35  Stalker, Protoss Ground Armor Level 1  
  61  7:38  Probe (Chrono Boost)  
  61  7:42  Probe (Chrono Boost)  
  63  7:45  Observer, Adept  
  63  7:49  Probe (Chrono Boost)  
  67  7:54  Probe (Chrono Boost)  
  68  7:59  Photon Cannon  
  68  8:01  Probe (Chrono Boost)  
  70  8:05  Probe (Chrono Boost)  
  70  8:10  Photon Cannon  
  70  8:12  Probe (Chrono Boost)  
  71  8:14  Pylon  
  71  8:16  Probe (Chrono Boost)  
  72  8:22  Pylon  
  72  8:23  Probe (Chrono Boost)  
  73  8:28  Probe (Chrono Boost)  
  75  8:34  Stargate, Probe (Chrono Boost)  
  75  8:39  Probe (Chrono Boost)  
  76  8:41  Forge  
  76  8:43  Stalker  
  57  8:50  Sentry  
  52  8:58  Zealot  
  52  9:05  Adept  
  52  9:08  Mothership Core (Chrono Boost)  
  51  9:11  Stalker  
  25  9:17  Stalker  
  27  9:24  Zealot  
  21  9:48  Zealot, Stalker  
  24  9:57  Pylon  
  18  10:15  Pylon  
  18  10:45  Stalker  
Tags
 
Composition
MMM Bio
League
Gold
Matchup
PvT
Add a new tag
Caveats
  • Supply blocks, unpowered buildings, or Contaminate may cause inaccurate times.
  • Supply counts are checked every 10 seconds.